 Dungeon Crawl Stone Soup version 0.21.0 (webtiles) character file.

24 sagitran the Magician (level 2, 0/20 HPs)
             Began as a Draconian Wizard on Jan 6, 2018.
             Succumbed to an adder's poison
             ... on level 2 of the Dungeon.
             The game lasted 00:03:24 (1076 turns).

sagitran the Magician (Draconian Wizard)            Turns: 1076, Time: 00:03:25

Health: 0/20       AC:  7    Str:  9    XL:     2   Next: 79%
Magic:  0/6        EV: 12    Int: 18    God:
Gold:   62         SH:  0    Dex:  9    Spells: 0/7 levels left

rFire    . . .     SeeInvis .   e - +0 spear
rCold    . . .     Gourm    .   (no shield)
rNeg     . . .     Faith    .   (armour unavailable)
rPois    .         Spirit   .   a - +0 hat
rElec    .         Reflect  .   (no cloak)
rCorr    .         Harm     .   h - +2 pair of gloves
MR       .....                  (no boots)
Stlth    ++........             (no amulet)
HPRegen  0.06/turn              (no ring)
MPRegen  0.10/turn              (no ring)

@: lethally poisoned (0 -> -16), hasted, very quick
A: unfitting armour, cold-blooded, AC +4
a: no special abilities


You were on level 2 of the Dungeon.
You were hungry.

You visited 1 branch of the dungeon, and saw 2 of its levels.

You collected 62 gold pieces.

Inventory:

Hand Weapons
 e - a +0 spear (weapon)
Armour
 a - a +0 hat (worn)
 h - a +2 pair of gloves (worn)
Scrolls
 d - a scroll of blinking
Books
 b - a book of Minor Magic

   Spells                             Type                      Level
   a - Magic Dart                     Conjuration                  1
   b - Blink                          Translocation                2
   c - Call Imp                       Summoning                    2
   d - Slow                           Hexes                        2
   e - Conjure Flame                  Conjuration/Fire             3
   f - Mephitic Cloud                 Conjuration/Poison/Air       3
Comestibles
 c - a ration


   Skills:
 + Level 0.2 Fighting
 + Level 0.4 Polearms
 + Level 2.2 Dodging
 + Level 2.1 Stealth
 + Level 3.3 Spellcasting
 + Level 1.0 Conjurations
 + Level 1.0 Summonings
 + Level 1.0 Translocations


You couldn't memorise any spells.
You knew the following spells:

 Your Spells              Type           Power        Failure   Level  Hunger
a - Magic Dart            Conj           #...         11%         1    None
b - Blink                 Tloc           N/A          16%         2    ##.....
c - Call Imp              Summ           #.......     16%         2    ##.....
d - Slow                  Hex            #.......     24%         2    ##.....


Dungeon Overview and Level Annotations

Branches:
Dungeon (2/15)

Altars:


Innate Abilities, Weirdness & Mutations

Your plain brown scales are hard. (AC +4)
You cannot fit into any form of body armour.
You are cold-blooded and may be slowed by cold attacks.


Message History

Press: ? - help, Shift-Dir - straight line, f/p - adder
Aim: an adder (severely wounded, chance to defeat MR: 45%)
The adder seems to slow down.
You miss the adder.
The adder is severely wounded.
You feel sick. The adder bites you.
You are lethally poisoned!
The adder poisons you!
You closely miss the adder. You tail-slap the adder.
The adder is almost dead.
The adder is no longer moving slowly.
The adder bites you.
* * * LOW HITPOINT WARNING * * *
You are more poisoned.
The adder poisons you!
You barely miss the adder.
The adder is almost dead.
* * * LOW HITPOINT WARNING * * *
You feel sick. The adder closely misses you. x2
You feel yourself speed up.
You die...

#.....# #.....#
.. #######.###
.# ........# .#
.#####..## .#
#.......## .#
..........# .#
)......#.<####.#
............@S.#
..........######
#.....#...#
#.........#
######...##
#...# #[.. #...


You could see an adder.

Vanquished Creatures
  2 leopard geckos
  A giant cockroach (D:1)
  2 goblins
  3 hobgoblins (D:1)
  4 kobolds (D:1)
  4 bats (D:1)
  2 frilled lizards (D:1)
  4 rats (D:1)
22 creatures vanquished.

Notes
Turn   | Place    | Note
-------+----------+-------------------------------------------
     0 | D:1      | sagitran the Draconian Wizard began the quest for the Orb.
     0 | D:1      | Reached XP level 1. HP: 14/14 MP: 4/4
   391 | D:1      | Reached XP level 2. HP: 16/20 MP: 6/6
   700 | D:1      | Learned a level 2 spell: Blink
   703 | D:1      | Learned a level 2 spell: Call Imp
   706 | D:1      | Learned a level 2 spell: Slow
  1076 | D:2      | Succumbed to an adder's poison

Skill      XL: |  1 |
---------------+----+-----
Dodging        | 2 |  2.2
Stealth        | 2 |  2.1
Fighting       | |  0.2
Polearms       | |  0.4
Spellcasting   | |  3.3
Conjurations   | |  1.0
Summonings     | |  1.0
Translocations | |  1.0

Action                   || total
-------------------------++-------
Melee: Spear             ||    74
       Unarmed           ||    10
       Tailslap          ||     7
 Cast: Magic Dart        ||    17
       Slow              ||     1
       Call Imp          ||     1
  Use: Scroll            ||     2
       Potion            ||     2
 Stab: Sleeping          ||     5
Armor: Skin              ||    30
Dodge: Dodged            ||    64
